 Dungeon Crawl Stone Soup version 0.31-a0-667-g39726597b9 (webtiles) character file.

Game seed: 3839974363789866660

252 SmokeWeed the Covert (level 6, 0/41 HPs)
             Began as an Octopode Brigand on Sept 4, 2023.
             Slain by Menkaure (23 damage)
             ... on level 4 of the Dungeon.
             The game lasted 00:05:18 (2216 turns).

SmokeWeed the Covert (Octopode Brigand)             Turns: 2216, Time: 00:05:19

Health: 0/41       AC:  1    Str: 11    XL:     6   Next: 13%
Magic:  6/6        EV: 13    Int: 13    God:
Gold:   137        SH:  0    Dex: 15    Spells: 5/5 levels left

rFire   . . .        a - +2 dagger
rCold   . . .        (no shield)
rNeg    . . .        (helmet restricted)
rPois   .            o - amulet of the acrobat
rElec   .            (no ring)
rCorr   .            (no ring)
SInv    .            (no ring)
Will    .....        (no ring)
Stlth   +++++        (no ring)
HPRegen 0.26/turn    (no ring)
MPRegen 0.10/turn    (no ring)
                     (no ring)

%: acrobat
@: no status effects
A: almost no armour, amphibious, 8 rings, camouflage 1, gelatinous body 1,
(nimble swimmer 1), tentacles
a: no special abilities


You were on level 4 of the Dungeon.
You visited 1 branch of the dungeon, and saw 4 of its levels.

You collected 137 gold pieces.

Inventory:

Hand Weapons
 a - a +2 dagger (weapon)
Missiles
 b - 9 poisoned darts
 t - a boomerang
Armour
 p - a +0 cloak
Magical Staves
 n - a staff of air
Jewellery
 i - an amulet of faith
 o - an amulet of the acrobat (around mantle)
Talismans
 e - a maw talisman
Wands
 v - a wand of flame (13)
Scrolls
 d - a scroll of immolation {unknown}
 f - 3 scrolls of teleportation {unknown}
 g - 2 scrolls of vulnerability {unknown}
 h - 3 scrolls of enchant armour {unknown}
 m - 4 scrolls of poison {unknown}
 q - a scroll of revelation {unknown}
 s - 3 scrolls of identify {unknown}
 u - a scroll of enchant weapon {unknown}
Potions
 j - 2 potions of might {unknown}
 k - a potion of heal wounds {unknown}
 l - 4 potions of curing {unknown}
 r - a potion of enlightenment {unknown}
 w - a potion of berserk rage {unknown}


   Skills:
 + Level 2.7 Fighting
 + Level 3.3 Short Blades
 + Level 2.2 Throwing
 + Level 1.4 Dodging
 + Level 8.4 Stealth


You had 5 spell levels left.
You didn't know any spells.
Your spell library was empty.

Dungeon Overview and Level Annotations

Branches:
Dungeon (4/15)
 Temple: D:4-7

Altars:

Shops:
D:2 (

Annotations:
D:4 Menkaure


Innate Abilities, Weirdness & Mutations

You cannot wear most types of armour.
You are amphibious.
You can wear up to eight rings at the same time.
Your skin changes colour to match your surroundings (Stealth+).
Your rubbery body absorbs attacks. (AC +1, EV +1)
((You are camouflaged when in or above water. (Stealth+)))
You have tentacles for arms and can constrict up to eight enemies at once.


Message History

The sleepcap is almost destroyed.
You constrict the sleepcap, but do no damage.
The sleepcap releases spores at you.
* * * LOW HITPOINT WARNING * * *
You are engulfed in a cloud of soporific spores!
You are unaffected.
You hit the sleepcap but do no damage. You squeeze the sleepcap.
You destroy the sleepcap!
You start resting.
HP restored.
w - a dark potion Menkaure, Prince of Dust comes into view.
Found 31 gold pieces.
Menkaure shouts!
Menkaure gestures wildly while chanting.
Menkaure seems to speed up.
Menkaure is nearby!
You see here a bubbling coppery potion.
Throw: 2 darts (curare)
Press: ? - help, Q - select action, (/) - cycle Shift-Dir - straight line, f - Menkaure
Aim: Menkaure (fast, 73% to hit)
You throw a curare-tipped dart. The curare-tipped dart hits Menkaure.
Menkaure calls on the powers of darkness!
Your body is wracked with pain!
No target in view!
Menkaure is nearby!
Throw: dart (curare)
Press: ? - help, Q - select action, (/) - cycle Shift-Dir - straight line, f/p - Menkaure
Aim: Menkaure (fast, 73% to hit)
You throw a curare-tipped dart.
The curare-tipped dart closely misses Menkaure.
You hit Menkaure but do no damage. You grab Menkaure.
You constrict Menkaure, but do no damage.
Menkaure closely misses you.
You hit Menkaure.
Menkaure is lightly damaged.
You constrict Menkaure, but do no damage.
Menkaure hits you!!
Ouch! That really hurt!
You die...

##### #?..# #...#
####..$##########
#................
#.......!........
#........@M......
#.####..............#
#.............##...##
#................(.#
#.####........### .#
..###.........# #
#.##....†.....#
#.##............
#.....>.........


You could see Menkaure (fast).

Vanquished Creatures
  An orc priest (D:3)
  Jessica (D:2)
  A sleepcap (D:4)
  An orc wizard (D:3)
  5 adders
  3 worms
  2 dart slugs
  3 orcs (D:3)
  9 endoplasms
  6 giant cockroaches
  4 goblins
  4 hobgoblins
  4 jackals
  4 kobolds
  6 ball pythons
  7 bats
  2 frilled lizards (D:1)
  3 rats (D:1)
66 creatures vanquished.

Vanquished Creatures (others)
  An orc wizard (D:3)
1 creature vanquished.

Grand Total: 67 creatures vanquished

Notes
Turn   | Place    | Note
-------+----------+-------------------------------------------
     0 | D:1      | SmokeWeed the Octopode Brigand began the quest for the Orb.
     0 | D:1      | Reached XP level 1. HP: 14/14 MP: 1/1
   136 | D:1      | Reached XP level 2. HP: 18/19 MP: 2/2
   201 | D:1      | Reached skill level 6 in Stealth
   321 | D:1      | Reached XP level 3. HP: 24/24 MP: 3/3
   627 | D:2      | Noticed Jessica
   634 | D:2      | Killed Jessica
   672 | D:2      | Reached XP level 4. HP: 30/30 MP: 4/4
   729 | D:2      | Reached skill level 7 in Stealth
   789 | D:2      | Found Miadar's Antique Weapon Shop.
   922 | D:2      | Identified the +1 robe of Lifelessness {rPois rC- Regen+
                  | Int+2}
  1344 | D:3      | Reached XP level 5. HP: 22/35 MP: 5/5
  1554 | D:3      | Reached skill level 8 in Stealth
  2057 | D:4      | Reached XP level 6. HP: 41/41 MP: 6/6
  2209 | D:4      | Noticed Menkaure
  2216 | D:4      | Slain by Menkaure

Illustrated notes

Levels and vault maps discovered:
D:1:      amcnicky_arrival_blooded_trapdoor, layout_basic
D:2:      layout_rooms, serial_shops, nicolae_shop_behind_doors,
          grunt_ministairs_1, minmay_randomly_rotated_circles, uniq_jessica
D:3:      layout_loops_ring, kennysheep_generic_room_4
D:4:      layout_loops_ring, nicolae_elyvilon_peaceful_grove,
          chequers_serial_rivers_room_b, serial_bayou_pond_b, uniq_menkaure,
          uniq_crazy_yiuf_cottage

Skill      XL: |  1  2  3  4  5 |
---------------+----------------+-----
Stealth        | 6 7 8 |  8.4
Short Blades   | 3 |  3.3
Fighting       | |  2.7
Throwing       | |  2.2
Dodging        | |  1.4

Action                     |  1- 3 |  4- 6 || total
---------------------------+-------+-------++-------
  Melee: Dagger            |    42 |    95 ||   137
         Constrict         |     8 |    20 ||    28
         Tentacles         |     3 |    23 ||    26
         Punch             |       |     2 ||     2
  Throw: Dart              |       |     5 ||     5
   Stab: Sleeping          |    16 |    11 ||    27
 Armour: Skin              |    15 |    25 ||    40
  Dodge: Dodged            |    16 |    41 ||    57

Table legend: (Time is in decaauts)
 A = Elapsed time spent in this place.
 B = Non-inter-level travel time spent in this place.
 C = Inter-level travel time spent in this place.
 D = Time resting spent in this place.
 E = Time spent auto-exploring this place.
 F = Levels seen in this place.
 G = Mean time per level.
                   A        B        C        D        E       F      G
               +--------+--------+--------+--------+--------+-----+--------+
         Total |   2196 |   2177 |     19 |    371 |   1278 |   4 |  549.0 |
       Dungeon |   2196 |   2177 |     19 |    371 |   1278 |   4 |  549.0 |
               +--------+--------+--------+--------+--------+-----+--------+

Top non-repeatable levels by time:
     D:3: 728 daAuts
     D:2: 707 daAuts
     D:1: 583 daAuts
     D:4: 177 daAuts
